[Event "Titled Tuesday Blitz April 18 Early 2023"]
[White "b_6"]
[Black "Shevtchenko, Olesya"]
[BlackFideId "24131890"]
[WhiteElo "2481"]
[BlackElo "2003"]
[Result "1-0"]
[Round "10"]
[TimeControl "180+2"]
[Date "2023.04.18"]
[WhiteClock "0:00:08"]
[BlackClock "0:00:14"]

1. c4 Nf6 2. Nc3 e6 3. e4 d5 4. cxd5 exd5 5. e5 Ne4 6. Nf3 Bf5 7. d3 Nxc3 8. bxc3 Be7 9. d4 O-O 10. Bd3 Qd7 11. O-O c5 12. Rb1 b6 13. Bxf5 Qxf5 14. Ba3 Nc6 15. dxc5 Nxe5 16. Nxe5 Qxe5 17. Re1 Qg5 18. f4 Qf6 19. Qxd5 Rfd8 20. Qe5 Qxe5 21. Rxe5 Bf6 22. Re3 Rdc8 23. cxb6 axb6 24. Rb3 h5 25. Kf1 Ra4 26. g3 Rca8 27. Be7 Bxe7 28. Rxe7 Rxa2 29. Re2 Rxe2 30. Kxe2 Ra2+ 31. Kf3 Rxh2 32. Rxb6 Rc2 33. Rc6 g6 34. c4 Kf8 35. Rc7 Rc3+ 36. Kg2 Kg7 37. c5 Kf6 38. c6 Ke6 39. Kh3 f6 40. Kh4 Kf5 41. Kh3 Rc2 42. Rc8 h4 43. c7 hxg3 44. Kxg3 Rc3+ 45. Kf2 Kxf4 46. Rf8 Rxc7 47. Rxf6+ Kg5 48. Rf8 Rc4 49. Ra8 Kf4 50. Ra2 g5 51. Kg1 Rc3 52. Ra1 Kg3 53. Rf1 Rc2 54. Ra1 Rc3 55. Kh1 Kf2 56. Ra2+ Kf3 57. Kg1 Rc1+ 58. Kh2 Re1 59. Ra3+ Kg4 60. Kg2 Re2+ 61. Kg1 Rd2 62. Ra1 Kg3 63. Rb1 Re2 64. Ra1 Kf4 65. Rb1 Re3 66. Ra1 Rg3+ 67. Kh2 Rb3 68. Kg2 Rb2+ 69. Kg1 g4 70. Rc1 Rd2 71. Rb1 Rd3 72. Rf1+ Kg3 73. Ra1 Re3 74. Rb1 Rf3 75. Ra1 Rf2 76. Rb1 Rg2+ 77. Kh1 Kh3 78. Rb3+ Rg3 79. Rb1 Rc3 80. Ra1 Rc2 81. Rb1 Rh2+ 82. Kg1 Rg2+ 83. Kh1 Rh2+ 84. Kg1 Rd2 85. Ra1 Rd3 86. Rb1 Kg3 87. Ra1 Kf3 88. Rb1 Ke2 89. Rb2+ Ke3 90. Rb1 Rd2 91. Rb3+ Kf4 92. Rb1 Kg3 93. Rb3+ Kh4 94. Rb1 Ra2 95. Rc1 Rb2 96. Rd1 Rc2 97. Ra1 Ra2 98. Rxa2 1-0


[Site "https://www.chess.com"]

[Event "Titled Tuesday Blitz April 18 Early 2023"]
[White "Dushyant Sharma"]
[Black "Erzhanov, Arman"]
[WhiteFideId "25065130"]
[BlackFideId "4138821"]
[WhiteElo "2198"]
[BlackElo "2138"]
[Result "0-1"]
[Round "10"]
[TimeControl "180+2"]
[Date "2023.04.18"]
[WhiteClock "0:00:02"]
[BlackClock "0:00:44"]

1. e4 d6 2. d4 Nf6 3. Nc3 c6 4. Be3 e5 5. dxe5 dxe5 6. Qxd8+ Kxd8 7. O-O-O+ Nbd7 8. Bc4 Ke8 9. Nf3 Bb4 10. Rhe1 b5 11. Bb3 Ke7 12. a3 Bxc3 13. bxc3 Nxe4 14. Bd4 Nef6 15. Nxe5 Nxe5 16. Bc5+ Ke8 17. Rxe5+ Be6 18. Bxe6 fxe6 19. Rxe6+ Kf7 20. Rxc6 Rhc8 21. Rdd6 Rxc6 22. Rxc6 a6 23. Bd4 h5 24. c4 bxc4 25. Rxc4 Nd5 26. Rc5 Ke6 27. c4 Nf4 28. Kc2 Nxg2 29. Rc6+ Kf5 30. Bxg7 Nf4 31. Bd4 Ne6 32. Be3 h4 33. c5 Ke5 34. Rd6 a5 35. Rd3 Rc8 36. Rc3 Kd5 37. Kb3 Nd8 38. Ka4 Nc6 39. Rd3+ Kc4 40. Rd1 Rb8 41. Rc1+ Kd5 42. Rd1+ Kc4 43. Rd6 Na7 44. Rb6 Rc8 45. Kxa5 Nb5 46. Ka6 Ra8+ 47. Kb7 Ra7+ 48. Kc6 Rc7# 0-1


[Site "https://www.chess.com"]

[Event "Titled Tuesday Blitz April 18 Early 2023"]
[White "Ronka, Erik"]
[Black "Baches Garcia, Guillermo"]
[WhiteFideId "505080"]
[BlackFideId "2209764"]
[WhiteElo "2264"]
[BlackElo "2467"]
[Result "0-1"]
[Round "10"]
[TimeControl "180+2"]
[Date "2023.04.18"]
[WhiteClock "0:00:08"]
[BlackClock "0:01:23"]

1. e4 c5 2. Nf3 Nc6 3. d4 cxd4 4. Nxd4 Nf6 5. Nc3 d6 6. Bg5 e6 7. Qd2 h6 8. Bxf6 gxf6 9. O-O-O a6 10. f4 Bd7 11. Kb1 Qb6 12. Nf3 O-O-O 13. g3 Be7 14. f5 Kb8 15. fxe6 fxe6 16. Bh3 Ne5 17. Qe2 Rc8 18. Ka1 Rxc3 19. bxc3 Qa5 20. Nxe5 Qxc3+ 21. Kb1 Qb4+ 22. Kc1 fxe5 23. c3 Bg5+ 24. Kc2 Ba4+ 25. Kd3 Bb5+ 26. Kc2 Qa4+ 0-1


[Site "https://www.chess.com"]

[Event "Titled Tuesday Blitz April 18 Early 2023"]
[White "Jovic, Stanoje"]
[Black "Camacho Collados, Jose"]
[WhiteFideId "905020"]
[BlackFideId "2265427"]
[WhiteElo "2236"]
[BlackElo "2198"]
[Result "1-0"]
[Round "10"]
[TimeControl "180+2"]
[Date "2023.04.18"]
[WhiteClock "0:00:16"]
[BlackClock "0:00:07"]

1. c4 c5 2. g3 Nf6 3. Bg2 g6 4. Nc3 Bg7 5. Nf3 O-O 6. O-O Nc6 7. d4 cxd4 8. Nxd4 d6 9. Nxc6 bxc6 10. Bxc6 Rb8 11. Bg2 Qa5 12. Qd3 Be6 13. Nd5 Bxd5 14. cxd5 Rfc8 15. Bd2 Qb5 16. Bc3 Qxd3 17. exd3 Rc5 18. d4 Rc4 19. Rfe1 Rb7 20. a4 Nd7 21. Rxe7 Bxd4 22. Bf1 Rxc3 23. bxc3 Bxc3 24. Rc1 Bf6 25. Re8+ Kg7 26. Rc6 Be5 27. Bb5 Nf6 28. Rxe5 dxe5 29. d6 g5 30. Rc7 Rb6 31. d7 Rd6 32. Rxa7 e4 33. a5 e3 34. fxe3 g4 35. Kf2 Ne4+ 36. Ke1 Nc5 37. a6 Kf6 38. Rc7 Nxa6 39. Bxa6 Ke7 40. Bb5 f5 41. Rc8 h5 42. Re8+ Kf6 43. d8=Q+ Rxd8 44. Rxd8 h4 45. gxh4 Kg6 46. Rd5 Kh5 47. Rxf5+ Kxh4 48. e4 Kh3 49. Rh5+ Kg2 50. e5 Kf3 51. Bc6+ Kf4 52. e6 g3 53. hxg3+ Kg4 54. e7 Kxh5 55. e8=Q+ Kg4 56. Qe4+ Kh3 57. Qh4# 1-0


[Site "https://www.chess.com"]

[Event "Titled Tuesday Blitz April 18 Early 2023"]
[White "Namitbir Singh Walia"]
[Black "Milchev, Nikolay"]
[WhiteFideId "35071068"]
[BlackFideId "2906090"]
[WhiteElo "2239"]
[BlackElo "2449"]
[Result "1-0"]
[Round "10"]
[TimeControl "180+2"]
[Date "2023.04.18"]
[WhiteClock "0:00:18"]
[BlackClock "0:00:52"]

1. e4 e5 2. Nf3 Nc6 3. Bc4 Nf6 4. d4 exd4 5. O-O d6 6. Nxd4 Be7 7. Nc3 O-O 8. Re1 Bd7 9. f3 Re8 10. Be3 Bf8 11. Qd2 h6 12. Rad1 a6 13. a4 Ne5 14. Bf1 c5 15. Nf5 Bxf5 16. exf5 Qb6 17. b3 Qb4 18. Nd5 Nxd5 19. Qxd5 Nc6 20. Bc4 Ne5 21. Bd2 Qxc4 22. bxc4 Rab8 23. Bc3 Nc6 24. Rxe8 Rxe8 25. Rb1 Re7 26. f6 gxf6 27. Bxf6 Rd7 28. Qf5 Rc7 29. Qg4+ Kh7 30. Re1 Ne5 31. Bxe5 dxe5 32. Rxe5 Bg7 33. Re8 Rc6 34. Qe4+ Rg6 35. h4 Bd4+ 36. Kf1 Kg7 37. h5 Rg5 38. Qxb7 Rxh5 39. Re7 Rf5 40. Qe4 Rf6 41. Rb7 h5 42. a5 Kh6 43. Rb6 Kg5 44. Rxf6 Kxf6 45. Qc6+ Ke5 46. Qxa6 Kf4 47. Qb5 Ke3 48. a6 Kd2 49. a7 Kxc2 50. a8=Q f5 51. Qa2+ Kc3 52. Qbb3# 1-0


[Site "https://www.chess.com"]

[Event "Titled Tuesday Blitz April 18 Early 2023"]
[White "Manukian, Artak"]
[Black "Ordekalog"]
[WhiteFideId "13301373"]
[WhiteElo "2130"]
[BlackElo "2510"]
[Result "0-1"]
[Round "10"]
[TimeControl "180+2"]
[Date "2023.04.18"]
[WhiteClock "0:00:01"]
[BlackClock "0:00:04"]

1. e4 d5 2. exd5 Qxd5 3. d4 e5 4. dxe5 Qxd1+ 5. Kxd1 Nc6 6. Bb5 Bd7 7. Bf4 O-O-O 8. Kc1 Bc5 9. Bg3 Nge7 10. Nf3 Bg4 11. Nbd2 h6 12. Nb3 Bb6 13. a4 a6 14. Bc4 Rhf8 15. a5 Ba7 16. Re1 Be6 17. Ra4 Nf5 18. Bxe6+ fxe6 19. Re2 g5 20. Nbd2 Rd5 21. Ne4 Rfd8 22. Kb1 g4 23. Nh4 Rd1+ 24. Ka2 Nxg3 25. Nxg3 R8d5 26. Ng6 Bc5 27. Ne4 Bb4 28. Nc3 Bxc3 29. bxc3 h5 30. Nf4 Rb5 31. Nxe6 Rbb1 32. Rf4 Ra1+ 33. Kb3 Nxa5+ 34. Kb4 Rdb1+ 35. Kc5 b6+ 36. Kd4 Nc6+ 37. Ke3 Kb7 38. Re4 Ne7 39. Nf4 Nf5+ 40. Kd3 Rd1+ 41. Rd2 Rxd2+ 42. Kxd2 Ra5 43. e6 Ne7 44. c4 Rf5 45. g3 Kc6 46. Ke3 a5 0-1


[Site "https://www.chess.com"]

[Event "Titled Tuesday Blitz April 18 Early 2023"]
[White "Hajiyev, Kanan"]
[Black "Smiechu"]
[WhiteFideId "13404148"]
[WhiteElo "2103"]
[BlackElo "2378"]
[Result "1-0"]
[Round "10"]
[TimeControl "180+2"]
[Date "2023.04.18"]
[WhiteClock "0:01:48"]
[BlackClock "0:02:27"]

1. d4 Nf6 2. Nf3 c5 3. c4 e6 4. Nc3 g6 5. e4 cxd4 6. Nxd4 Bg7 7. e5 Nh5 8. g4 Bxe5 9. gxh5 b6 10. Bg2 Qf6 11. Be3 d5 12. cxd5 Bb7 13. Qa4+ Kf8 14. Bh6+ Kg8 15. Qe8# 1-0


[Site "https://www.chess.com"]

[Event "Titled Tuesday Blitz April 18 Early 2023"]
[White "Mouhamad, Joachim"]
[Black "Mazurkiewicz, Michal"]
[WhiteFideId "656410"]
[BlackFideId "1124943"]
[WhiteElo "2125"]
[BlackElo "2054"]
[Result "0-1"]
[Round "10"]
[TimeControl "180+2"]
[Date "2023.04.18"]
[WhiteClock "0:00:01"]
[BlackClock "0:00:06"]

1. e4 d6 2. d4 Nf6 3. Nc3 c6 4. a4 e5 5. Nf3 Qc7 6. Bc4 Be7 7. O-O O-O 8. h3 a5 9. Ba2 Nbd7 10. Re1 Re8 11. Be3 Bf8 12. dxe5 dxe5 13. Qd2 Nc5 14. Ng5 Ne6 15. Rad1 h6 16. Nxe6 Bxe6 17. Bxe6 Rxe6 18. f3 Bb4 19. Qd3 Rd6 20. Qc4 Rad8 21. Rxd6 Rxd6 22. Rd1 Rxd1+ 23. Nxd1 Nh5 24. Qd3 Nf4 25. Bxf4 exf4 26. Kf1 Bc5 27. Nc3 Qb6 28. b3 Bg1 29. Nd1 Bh2 30. Ke1 Qg1+ 31. Qf1 Bg3+ 32. Ke2 Qd4 33. c3 Qb6 34. Kd2 Qxb3 35. Qd3 Qa2+ 36. Qc2 Be1+ 37. Kc1 Qa1+ 38. Qb1 Qxa4 39. Qxb7 Qa1+ 40. Kc2 Qa2+ 41. Kd3 Qe6 42. Qb1 Kh7 43. Ke2 Bg3 44. Qd3 a4 45. e5+ g6 46. Qd4 a3 47. c4 a2 48. Kd3 Be1 49. Qa1 Bb4 50. Qxa2 Qxe5 51. Qe2 Qd6+ 52. Kc2 Bc5 53. Qd3 Bd4 54. Nc3 c5 55. Nb5 Qa6 56. Nxd4 Qa2+ 0-1


[Site "https://www.chess.com"]

[Event "Titled Tuesday Blitz April 18 Early 2023"]
[White "Prieto Aranguren, Alain"]
[Black "Devaev, Alexander"]
[WhiteFideId "2268906"]
[BlackFideId "4169395"]
[WhiteElo "2209"]
[BlackElo "2204"]
[Result "0-1"]
[Round "10"]
[TimeControl "180+2"]
[Date "2023.04.18"]
[WhiteClock "0:00:37"]
[BlackClock "0:00:17"]

1. d4 Nf6 2. c4 e6 3. Nc3 Bb4 4. e3 c5 5. Ne2 Nc6 6. a3 Bxc3+ 7. bxc3 b6 8. g3 Ba6 9. d5 Na5 10. Bg2 Rc8 11. Qc2 Bxc4 12. e4 exd5 13. e5 Ng8 14. Nf4 Ne7 15. Be3 O-O 16. h4 Nac6 17. h5 Nxe5 18. h6 g6 19. Rd1 Rc6 20. Nxd5 Nxd5 21. Bxd5 Bxd5 22. Rxd5 Re6 23. c4 Ng4 24. Qc3 Qf6 25. Qxf6 Nxf6 26. O-O Nxd5 27. cxd5 Re4 28. Kg2 Rfe8 29. Kf3 f6 30. Rb1 Kf7 31. Rb3 g5 32. d6 Kg6 33. g4 Kxh6 34. Rd3 Kg6 35. Rd5 R8e6 36. Ke2 Rxg4 37. Kd3 Ra4 38. Kc3 Rxa3+ 39. Kc4 Ra4+ 40. Kb5 Ra5+ 41. Kc4 Re4+ 42. Kd3 Re5 43. Rxe5 fxe5 44. Ke4 c4 45. Bd2 Rc5 46. Bc3 h5 47. Kf3 Kf5 0-1


[Site "https://www.chess.com"]

[Event "Titled Tuesday Blitz April 18 Early 2023"]
[White "Iskusnyh, Sergei"]
[Black "mrithyunjay"]
[WhiteFideId "4120027"]
[WhiteElo "2492"]
[BlackElo "2341"]
[Result "0-1"]
[Round "10"]
[TimeControl "180+2"]
[Date "2023.04.18"]
[WhiteClock "0:00:05"]
[BlackClock "0:00:58"]

1. d4 Nf6 2. c4 g6 3. g3 c6 4. Bg2 d5 5. e3 Bg7 6. Ne2 O-O 7. O-O dxc4 8. Na3 Be6 9. Qc2 Nbd7 10. Nxc4 Bxc4 11. Qxc4 e5 12. Qb3 exd4 13. Nxd4 Nb6 14. a4 Rb8 15. a5 Nbd5 16. Rd1 Qe7 17. Qa3 Qxa3 18. Rxa3 Rfd8 19. Bd2 Bf8 20. Rb3 c5 21. Nf3 c4 22. Rb5 a6 23. Rxd5 Rxd5 24. Rc1 Rb5 25. Bc3 Nd5 26. Be5 Rc8 27. Bf1 Rxa5 28. Bxc4 Rac5 29. Rd1 Rxc4 30. Rxd5 Bg7 31. Bxg7 Kxg7 32. Nd4 R8c7 33. g4 Rb4 34. b3 a5 35. Rxa5 h6 36. Kg2 Rb6 37. Rd5 Rf6 38. h4 Ra6 39. h5 Ra2 40. hxg6 Kxg6 41. Rd6+ Kh7 42. Nf5 Rc6 43. Rd7 Rg6 44. Kf3 Rf6 45. Rxb7 h5 46. e4 hxg4+ 47. Kxg4 Rxf2 48. Kg5 Rg6+ 49. Kh5 Rh2+ 50. Nh4 Rh6+ 51. Kg5 R2xh4 52. Rxf7+ Kg8 53. Re7 R4h5+ 54. Kg4 Rb5 55. e5 Rh7 56. e6 Rxe7 0-1


[Site "https://www.chess.com"]

[Event "Titled Tuesday Blitz April 18 Early 2023"]
[White "Avazkhonov, Alikhon"]
[Black "Ezat, Mohamed"]
[WhiteFideId "14208504"]
[BlackFideId "10600906"]
[WhiteElo "1739"]
[BlackElo "2386"]
[Result "0-1"]
[Round "10"]
[TimeControl "180+2"]
[Date "2023.04.18"]
[WhiteClock "0:00:02"]
[BlackClock "0:00:50"]

1. d4 Nf6 2. c4 c5 3. d5 e5 4. Nc3 d6 5. Nf3 g6 6. h3 Bg7 7. e4 O-O 8. Be2 Nh5 9. O-O Nf4 10. a3 Nd7 11. b4 b6 12. Rb1 h6 13. Ne1 f5 14. Nd3 Nxe2+ 15. Qxe2 f4 16. Nb5 Nf6 17. bxc5 bxc5 18. Bd2 g5 19. f3 h5 20. Qe1 Rf7 21. Ba5 Qf8 22. Nc7 Rxc7 23. Bxc7 g4 24. hxg4 hxg4 25. Qh4 Qe7 26. Ba5 Qf7 27. Bc3 Qg6 28. Nxe5 dxe5 29. Bxe5 gxf3 30. Rxf3 Nh5 31. Bxg7 Kxg7 32. Re1 Bg4 33. Rb3 Rf8 34. Rb7+ Kh6 35. e5 f3 36. e6 f2+ 37. Qxf2 Rxf2 38. Kxf2 Qc2+ 39. Kg1 Nf4 0-1


[Site "https://www.chess.com"]

[Event "Titled Tuesday Blitz April 18 Early 2023"]
[White "djokovic74"]
[Black "Vivas Zamora, Fabian Ernesto"]
[BlackFideId "3902480"]
[WhiteElo "2552"]
[BlackElo "2262"]
[Result "1-0"]
[Round "10"]
[TimeControl "180+2"]
[Date "2023.04.18"]
[WhiteClock "0:00:57"]
[BlackClock "0:00:02"]

1. e4 e5 2. Nf3 Nc6 3. Bb5 Nf6 4. O-O Nxe4 5. d4 Nd6 6. Ba4 e4 7. Re1 Be7 8. Ne5 O-O 9. Nc3 Bf6 10. Bf4 Ne7 11. Bb3 Ng6 12. Nxg6 hxg6 13. Bxd6 cxd6 14. Nxe4 Be7 15. Qf3 Rb8 16. Nc3 b5 17. Nd5 Bf6 18. Nxf6+ Qxf6 19. Qxf6 gxf6 20. Re7 a5 21. a4 d5 22. h3 bxa4 23. Rxa4 Rb5 24. Ra1 Rd8 25. Rae1 Kf8 26. R7e3 Bb7 27. Rc3 Bc6 28. Ra1 Ra8 29. f3 a4 30. Rxa4 1-0


[Site "https://www.chess.com"]

[Event "Titled Tuesday Blitz April 18 Early 2023"]
[White "Mrudul Dehankar"]
[Black "Gontcharov, Vladislav"]
[WhiteFideId "25096990"]
[BlackFideId "4123492"]
[WhiteElo "2139"]
[BlackElo "2420"]
[Result "0-1"]
[Round "10"]
[TimeControl "180+2"]
[Date "2023.04.18"]
[WhiteClock "0:00:01"]
[BlackClock "0:01:07"]

1. e4 e6 2. d4 d5 3. e5 c5 4. c3 Nc6 5. Nf3 Nge7 6. Bd3 cxd4 7. cxd4 Nf5 8. Bxf5 exf5 9. O-O Be6 10. Nc3 Be7 11. a3 g5 12. b4 f4 13. Qd3 Qd7 14. Bb2 g4 15. Ne1 f3 16. g3 h5 17. h4 gxh3 18. Nxf3 O-O-O 19. Kh2 Kb8 20. Ne2 h4 21. Nf4 Bf5 22. Qd2 Be4 23. Ne1 Rdg8 24. b5 Nd8 25. Rg1 Ne6 26. Nxe6 fxe6 27. Nd3 hxg3+ 28. fxg3 Qxb5 29. Nf4 Bg5 30. Bc3 Bxf4 31. gxf4 Rg2+ 32. Rxg2 hxg2+ 33. Kg3 Rh1 34. Qe3 0-1


[Site "https://www.chess.com"]

[Event "Titled Tuesday Blitz April 18 Early 2023"]
[White "Andrews, Todd"]
[Black "Reprintsev, Alexander"]
[WhiteFideId "2012456"]
[BlackFideId "14100541"]
[WhiteElo "2423"]
[BlackElo "2211"]
[Result "0-1"]
[Round "10"]
[TimeControl "180+2"]
[Date "2023.04.18"]
[WhiteClock "0:01:03"]
[BlackClock "0:00:56"]

1. e4 d5 2. exd5 Qxd5 3. Nc3 Qa5 4. d4 Nf6 5. Nf3 Nc6 6. Bb5 Ne4 7. Bxc6+ bxc6 8. O-O Nxc3 9. Qe1 Ba6 10. Bd2 Qb5 11. Bxc3 Qxf1+ 12. Qxf1 Bxf1 13. Kxf1 f6 14. Re1 Kd7 15. Nd2 e6 16. Ne4 h5 17. h4 Be7 18. Re3 g5 19. hxg5 fxg5 20. d5 cxd5 21. Bxh8 Rxh8 22. Nd2 g4 23. g3 Bg5 24. Rd3 Bxd2 25. Rxd2 Kd6 26. Rd4 Rb8 27. b3 a5 28. Rf4 Rb4 29. Rf6 Re4 30. Rh6 Re5 31. a4 Kc5 32. Rh7 c6 33. Ra7 Kb4 34. Ra6 c5 35. Rc6 d4 36. Ra6 Kc3 37. Rxa5 Kxc2 38. Rb5 d3 39. a5 d2 40. a6 d1=Q+ 0-1


[Site "https://www.chess.com"]

[Event "Titled Tuesday Blitz April 18 Early 2023"]
[White "Saravana, Krishnan P."]
[Black "Lach, Aleksandra"]
[WhiteFideId "5018382"]
[BlackFideId "1134299"]
[WhiteElo "2189"]
[BlackElo "2111"]
[Result "1-0"]
[Round "10"]
[TimeControl "180+2"]
[Date "2023.04.18"]
[WhiteClock "0:01:18"]
[BlackClock "0:00:06"]

1. e4 c5 2. Nf3 d6 3. d4 cxd4 4. Nxd4 Nf6 5. Nc3 g6 6. Be3 Bg7 7. f3 a6 8. Qd2 h5 9. Nd5 Nxd5 10. exd5 Nd7 11. c4 Ne5 12. Be2 Bd7 13. h3 Rc8 14. b3 f5 15. f4 Nf7 16. O-O O-O 17. Rac1 Re8 18. Bf3 b5 19. cxb5 axb5 20. Ne6 Bxe6 21. dxe6 Nh6 22. Bc6 Rf8 23. Bxb5 Kh7 24. Bd7 Ra8 25. a4 Ng8 26. Bc6 Rb8 27. b4 Qc8 28. Bd5 Qa6 29. a5 Qb5 30. Rc7 Nf6 31. Bf3 Ng8 32. Rfc1 Qxb4 33. Qxb4 Rxb4 34. a6 Nf6 35. a7 Ne4 36. Rxe7 d5 37. Rcc7 Rb1+ 38. Kh2 1-0


[Site "https://www.chess.com"]

[Event "Titled Tuesday Blitz April 18 Early 2023"]
[White "Zacurdajev, Dmitry"]
[Black "Sowul, Bartosz"]
[WhiteFideId "4196309"]
[BlackFideId "1137590"]
[WhiteElo "2189"]
[BlackElo "2188"]
[Result "1-0"]
[Round "10"]
[TimeControl "180+2"]
[Date "2023.04.18"]
[WhiteClock "0:00:15"]
[BlackClock "0:00:22"]

1. d4 Nf6 2. c4 c5 3. d5 b5 4. cxb5 a6 5. bxa6 g6 6. Nc3 Bg7 7. e4 O-O 8. Nf3 Qa5 9. Bd2 Bxa6 10. Bxa6 Qxa6 11. Qe2 e6 12. Qxa6 Nxa6 13. dxe6 fxe6 14. O-O Nb4 15. Rfd1 d5 16. exd5 exd5 17. a3 Nd3 18. b4 d4 19. Nb5 Ne4 20. bxc5 Nexf2 21. Rf1 Ne4 22. Bb4 Nexc5 23. Nbxd4 Nxb4 24. axb4 Rxa1 25. Rxa1 Nd3 26. Rb1 Rf4 27. Nc6 g5 28. Nxg5 Bf8 29. Ne6 Rc4 30. Nxf8 Rxc6 31. Nd7 Kg7 32. b5 Rc7 33. b6 Rb7 34. Rb3 Nc1 35. Nc5 Rb8 36. Rg3+ Kh6 37. b7 Ne2+ 38. Kf2 Nxg3 39. Kxg3 Kg5 40. Kf3 Kf5 41. Ke3 Re8+ 42. Kd4 Rd8+ 43. Kc4 Ke5 44. Na6 Ke4 45. b8=Q Rxb8 46. Nxb8 Ke3 47. Nc6 Kf2 48. g4 Kf3 49. Ne5+ Kg2 50. h4 Kh3 51. h5 Kh4 52. Kd5 Kg5 53. Ke6 Kh6 54. Kf7 Kg5 55. Kg7 h6 56. Kh7 Kf6 57. Kxh6 Kxe5 58. g5 Ke6 59. g6 Ke7 60. Kh7 Kf6 61. g7 Kg5 62. g8=Q+ Kh4 63. Kg6 Kg4 64. Kf6+ Kf4 65. Qg5+ Ke4 66. h6 Kf3 67. h7 Ke2 68. h8=Q Kd3 69. Qhh4 Ke2 70. Qgg3 Kf1 71. Qh1+ Ke2 72. Qhh2+ Kd1 73. Qgg1# 1-0


[Site "https://www.chess.com"]

[Event "Titled Tuesday Blitz April 18 Early 2023"]
[White "Dixit, Nikhil"]
[Black "Ljukin, Sergei"]
[WhiteFideId "5059534"]
[BlackFideId "14102200"]
[WhiteElo "2207"]
[BlackElo "2312"]
[Result "0-1"]
[Round "10"]
[TimeControl "180+2"]
[Date "2023.04.18"]
[WhiteClock "0:00:55"]
[BlackClock "0:01:57"]

1. e4 e6 2. Qe2 Be7 3. b3 d5 4. Bb2 Nf6 5. e5 Nfd7 6. h4 c5 7. h5 h6 8. Nh3 Nc6 9. Nf4 Qc7 10. Na3 Ndxe5 11. Nb5 Qb8 12. g3 a6 13. Nc3 Nd4 14. Ncxd5 Nxe2 15. Nxe7 Nd4 16. Bxd4 cxd4 17. Nxe6 Bxe6 18. Ng6 fxg6 19. Bxa6 bxa6 0-1


[Site "https://www.chess.com"]

[Event "Titled Tuesday Blitz April 18 Early 2023"]
[White "Garv Gaur"]
[Black "Begunov, Konstantin"]
[WhiteFideId "45030839"]
[BlackFideId "4118510"]
[WhiteElo "2068"]
[BlackElo "2087"]
[Result "0-1"]
[Round "10"]
[TimeControl "180+2"]
[Date "2023.04.18"]
[WhiteClock "0:01:10"]
[BlackClock "0:00:17"]

1. Nf3 d5 2. b3 c6 3. Bb2 Bg4 4. e3 Nd7 5. d4 e6 6. Be2 Bd6 7. h3 Bh5 8. c4 Qe7 9. Nbd2 f5 10. Ne5 Bxe2 11. Qxe2 Ngf6 12. f4 Bb4 13. O-O Bxd2 14. Qxd2 Ne4 15. Qd1 Nxe5 16. fxe5 O-O 17. a4 Qg5 18. Qe1 f4 19. exf4 Rxf4 20. Rxf4 Qxf4 21. Bc1 Qf5 22. Be3 Rf8 23. Qb4 Ng3 24. Re1 h5 25. cxd5 cxd5 26. Qxb7 h4 27. Qa6 Kh7 28. a5 Qc2 29. Qxe6 Qxb3 30. Qg4 Qxe3+ 31. Kh2 Qxe1 32. Qxh4+ Kg8 33. Qxg3 Qxg3+ 34. Kxg3 Rf1 35. Kg4 Kf7 36. h4 Rd1 37. Kf5 Rxd4 38. g4 Re4 39. g5 Re1 40. g6+ Ke7 41. h5 d4 42. e6 d3 43. h6 gxh6 44. g7 Rg1 0-1


[Site "https://www.chess.com"]

[Event "Titled Tuesday Blitz April 18 Early 2023"]
[White "Petrova, Irina"]
[Black "Lorenzo De La Riva, Lazaro"]
[WhiteFideId "14124122"]
[BlackFideId "2268809"]
[WhiteElo "2084"]
[BlackElo "2294"]
[Result "0-1"]
[Round "10"]
[TimeControl "180+2"]
[Date "2023.04.18"]
[WhiteClock "0:00:31"]
[BlackClock "0:01:23"]

1. e4 e6 2. d4 d5 3. Nc3 Nf6 4. Bg5 Bb4 5. Ne2 dxe4 6. a3 Be7 7. Bxf6 gxf6 8. Nxe4 b6 9. g3 f5 10. N4c3 Bb7 11. d5 Nd7 12. Bg2 Nf6 13. O-O Nxd5 14. Nxd5 Bxd5 15. Bxd5 Qxd5 16. Qxd5 exd5 17. f4 c6 18. c3 O-O-O 19. Nd4 Bc5 20. Kg2 Bxd4 21. cxd4 Rde8 22. Rac1 Kd7 23. Kf3 Re4 24. Rfd1 h5 25. Rc3 Rh6 26. Rd2 h4 27. g4 fxg4+ 28. Kxg4 Rg6+ 29. Kf3 Rf6 30. Re3 Rfxf4+ 31. Ke2 Rxd4 32. Rxd4 Rxd4 33. Rf3 Ke6 34. Ke3 Re4+ 35. Kd3 c5 36. Rf2 c4+ 37. Kc3 Re3+ 38. Kc2 Rh3 39. a4 a6 40. Re2+ Kd6 41. Rf2 b5 42. axb5 axb5 43. Rxf7 Rxh2+ 44. Kc3 Rh3+ 45. Kc2 b4 46. Rh7 b3+ 47. Kd2 Kc5 48. Rh5 Kd4 49. Kc1 Rh1+ 50. Kd2 Rh2+ 51. Kc1 Ke4 52. Rh8 Kd3 0-1


[Site "https://www.chess.com"]

[Event "Titled Tuesday Blitz April 18 Early 2023"]
[White "Jaskolka, Tomasz"]
[Black "LeoLV10"]
[WhiteFideId "1170791"]
[WhiteElo "2155"]
[BlackElo "2388"]
[Result "1-0"]
[Round "10"]
[TimeControl "180+2"]
[Date "2023.04.18"]
[WhiteClock "0:00:33"]
[BlackClock "0:00:02"]

1. d4 Nf6 2. c4 e6 3. g3 d5 4. Bg2 Be7 5. Nf3 O-O 6. O-O dxc4 7. Na3 Nc6 8. Nxc4 Rb8 9. Bg5 b5 10. Nce5 Bb7 11. Rc1 Nxe5 12. dxe5 Nd5 13. Bxe7 Qxe7 14. Qc2 Rbc8 15. Qc5 a6 16. Nd4 Qg5 17. f4 Qh5 18. Bf3 Qh3 19. Qa7 Ba8 20. Qxa6 Ne3 21. Rf2 c5 22. Nxb5 Rb8 23. Nd6 Bxf3 24. exf3 Rb4 25. Ne4 Rd4 26. Qe2 Nf5 27. Ng5 Rfd8 28. Nxh3 h6 29. Kg2 Rd3 30. Re1 R3d4 31. g4 Rd3 32. gxf5 exf5 1-0


[Site "https://www.chess.com"]

[Event "Titled Tuesday Blitz April 18 Early 2023"]
[White "Toncheva, Nadya"]
[Black "Gonzalez Zamora, Juan Carlos"]
[WhiteFideId "2924056"]
[BlackFideId "3507548"]
[WhiteElo "2101"]
[BlackElo "2535"]
[Result "1-0"]
[Round "10"]
[TimeControl "180+2"]
[Date "2023.04.18"]
[WhiteClock "0:00:25"]
[BlackClock "0:00:02"]

1. d4 Nf6 2. c4 d6 3. Nc3 e5 4. d5 g6 5. e4 Bg7 6. Bd3 O-O 7. Nge2 a5 8. O-O Na6 9. f3 Nc5 10. Bc2 c6 11. Be3 cxd5 12. cxd5 b6 13. a3 Nh5 14. b4 Na6 15. Na4 Rb8 16. b5 Nc5 17. Nxc5 bxc5 18. a4 f5 19. Nc3 Bf6 20. Nb1 Bg5 21. Bxg5 Qxg5 22. Qd2 Qh4 23. Qf2 Qg5 24. Nd2 Nf4 25. Kh1 fxe4 26. Bxe4 Bf5 27. Rad1 Kh8 28. Bxf5 gxf5 29. Nc4 Rf6 30. g3 Nh5 31. b6 Rh6 32. Kg1 Rg8 33. b7 f4 34. g4 Nf6 35. Nxd6 Qg6 36. Nc8 Nxg4 37. fxg4 Qxg4+ 38. Kh1 f3 39. b8=Q Qg2+ 40. Qxg2 fxg2+ 41. Kg1 gxf1=Q+ 42. Kxf1 1-0


[Site "https://www.chess.com"]

[Event "Titled Tuesday Blitz April 18 Early 2023"]
[White "Ansh M Shah"]
[Black "Coenen, Michael"]
[WhiteFideId "25033379"]
[BlackFideId "4697367"]
[WhiteElo "2084"]
[BlackElo "2328"]
[Result "0-1"]
[Round "10"]
[TimeControl "180+2"]
[Date "2023.04.18"]
[WhiteClock "0:00:05"]
[BlackClock "0:00:25"]

1. d4 Nf6 2. c4 g6 3. h4 h6 4. Nc3 d5 5. cxd5 Nxd5 6. h5 g5 7. e4 Nxc3 8. bxc3 Bg7 9. f4 gxf4 10. Nf3 c5 11. Bxf4 Nc6 12. Bb5 cxd4 13. Nxd4 Bd7 14. Bxc6 bxc6 15. O-O e5 16. Qb3 O-O 17. Bxh6 Bxh6 18. Nf5 Bxf5 19. Rxf5 Qb6+ 20. Kh1 Qxb3 21. axb3 Bg7 22. Rg5 Kh7 23. Rf1 a5 24. Rf3 a4 25. bxa4 Rxa4 26. h6 Bh8 27. Rh3 Rxe4 28. Kh2 f6 29. Rgg3 Re2 30. Rd3 Rf7 31. Rd6 e4 32. Rxc6 f5 33. Re6 Bxc3 34. Re8 f4 35. Rh4 Ba5 36. Rg4 f3 37. Rgg8 Rxg2+ 38. Rxg2 fxg2 39. Kxg2 Rf4 40. Kg3 Rf3+ 41. Kg2 Re3 42. Kf2 Bb6 43. Re7+ Kg8 44. Re6 Rb3+ 45. Ke2 Rb2+ 46. Ke1 e3 47. Kf1 Bd4 48. Ke1 Kh7 49. Kf1 Rf2+ 50. Ke1 Rf6 51. Rxf6 Bxf6 52. Ke2 Bg5 53. Kf3 Kxh6 54. Ke2 Kh5 55. Kf3 Kh4 56. Ke2 Kg4 57. Kd3 Kf3 0-1


[Site "https://www.chess.com"]